 Dungeon Crawl Stone Soup version 0.30.0-17-ge0270778cf (webtiles) character file.

Game seed: 176105280901572707

6 zeram the Trooper (level 1, -1/14 HPs)
             Began as a Gargoyle Fighter on May 23, 2023.
             Slain by a quokka (4 damage)
             ... on level 1 of the Dungeon.
             The game lasted 00:00:34 (118 turns).

zeram the Trooper (Gargoyle Fighter)                 Turns: 118, Time: 00:00:34

Health: -1/14      AC:  9    Str: 19    XL:     1   Next: 90%
Magic:  1/1        EV:  9    Int:  8    God:
Gold:   29         SH:  4    Dex:  9    Spells: 0/0 levels left

rFire   . . .        a - +0 flail
rCold   . . .        c - +0 buckler
rNeg    + . .        b - +0 scale mail
rPois   ∞            (no helmet)
rElec   +            (no cloak)
rCorr   .            (no gloves)
SInv    .            (no boots)
Will    .....        (no amulet) Stlth
                     (no ring)
HPRegen 0.22/turn    (no ring)
MPRegen 0.07/turn

%: no passive effects
@: mighty
A: sickness immunity, AC +2, negative energy resistance 1, electricity
resistance, torment resistance 1, petrification resistance
a: no special abilities


You were on level 1 of the Dungeon.
You visited 1 branch of the dungeon, and saw 1 of its levels.

You collected 29 gold pieces.

Inventory:

Hand Weapons
 a - a +0 flail (weapon)
Armour
 b - a +0 scale mail (worn)
 c - a +0 buckler (worn)


   Skills:
 + Level 3.4 Fighting
 + Level 2.0 Maces & Flails
 + Level 3.4 Armour
 + Level 3.4 Shields


You couldn't memorise any spells.
You didn't know any spells.
Your spell library contained the following spells:

 Spells                   Type           Power      Damage    Failure   Level
 Petrify                  Tmut/Erth      0%         N/A       100%        4
 Irradiate                Conj/Tmut      0%         3d11      100%        5
 Sublimation of Blood     Necr           Unusable   N/A       N/A         2

Dungeon Overview and Level Annotations

Branches:
Dungeon (1/15)

Altars:

Shops:
D:1 [


Innate Abilities, Weirdness & Mutations

You are immune to sickness and miasma.
Your stone body is resilient. (AC +2)
You are immune to poison.
You resist negative energy. (rN+)
You are resistant to electric shocks. (rElec)
You are resistant to unholy torment.
You are immune to petrification.


Message History

You are too injured to fight recklessly!
You are too injured to fight recklessly!
You are too injured to fight recklessly!
You are too injured to fight recklessly!
You are too injured to fight recklessly!
You are too injured to fight recklessly!
You are too injured to fight recklessly!
You are too injured to fight recklessly!
You are too injured to fight recklessly!
You are too injured to fight recklessly!
You are too injured to fight recklessly!
You are too injured to fight recklessly!
You are too injured to fight recklessly!
You are too injured to fight recklessly!
You are too injured to fight recklessly!
You are too injured to fight recklessly!
Unknown command.
The quokka barely misses you.
There is an open door here.
You closely miss the quokka. The quokka barely misses you. x2
You completely miss the quokka. The quokka closely misses you.
The quokka bites you.
* * * LOW HITPOINT WARNING * * *
The quokka misses you. The quokka barely misses you.
There is an open door here.
You feel very mighty all of a sudden. The quokka closely misses you.
The quokka bites you but does no damage.
You completely miss the quokka.
The quokka bites you but does no damage.
The quokka barely misses you. You block the quokka's attack.
The quokka barely misses you.
Unknown command.
You closely miss the quokka. The quokka closely misses you.
The quokka bites you but does no damage.
The quokka misses you.
Unknown command.
You barely miss the quokka. The quokka closely misses you.
The quokka bites you.
You die...

.# .# .# ##
####+#### ....#
#.......# .#..#
#.⌠...⌠.# :.. #
#......r##.#..#
#######
+...⌠...@r....#
#......
#.......#........
#......
#.⌠...⌠.##.##.##.
#...... #..[....#
.# # #......
.######'#### .#
+...<..
.........# .#
#......
########.# ##.#
#...... #.# #..#
# #...... #)###.#
#.# .#+#####


You could see 2 quokkas.

Vanquished Creatures
  2 bats (D:1)
  2 ball pythons (D:1)
  A frilled lizard (D:1)
  A kobold (D:1)
  2 rats (D:1)
8 creatures vanquished.

Notes
Turn   | Place    | Note
-------+----------+-------------------------------------------
     0 | D:1      | zeram the Gargoyle Fighter began the quest for the Orb.
     0 | D:1      | Reached XP level 1. HP: 14/14 MP: 1/1
    60 | D:1      | Found Zazxime's Antique Armour Boutique.
   118 | D:1      | Slain by a quokka

Illustrated notes

Levels and vault maps discovered:
D:1:      lemuel_arrival_room, layout_loops_ring, serial_shops, shop, shop,
          nicolae_shop_tiny_glass, nicolae_shop_window_shopping,
          nicolae_shop_tiny_real_fake_doors, basic_ecumenical_altar,
          minmay_fountain_box

Action                     || total
---------------------------++-------
  Melee: Flail             ||    34
    Use: Potion            ||     1
 Armour: Scale mail        ||    26
  Dodge: Dodged            ||    31
  Block: Buckler           ||     7
